 Dungeon Crawl Stone Soup version 0.30-a0-1008-g30c9307041 (webtiles) character file.

Game seed: 2736812549976039811

109 Demosthentine the Ducker (level 4, -2/35 HPs)
             Began as a Demonspawn Gladiator on Apr 6, 2023.
             Was an Initiate of Hepliaklqana.
             Slain by a gnoll
             ... wielding a +0 flail
              (3 damage)
             ... on level 2 of the Dungeon.
             The game lasted 00:02:22 (1523 turns).

Demosthentine the Ducker (Demonspawn Gladiator)     Turns: 1523, Time: 00:02:22

Health: -2/35      AC:  7    Str: 15 (16) XL:     4   Next: 60%
Magic:  4/4        EV: 12    Int:  8 (9)  God:    Hepliaklqana [......]
Gold:   122        SH:  0    Dex: 12 (15) Spells: 3/3 levels left

rFire   . . .      SeeInvis .    a - +0 trident
rCold   . . .      Faith    .    (no shield)
rNeg    . . .      Spirit   .    b - +0 leather armour
rPois   .          Reflect  .    c - +1 helmet
rElec   .          Rampage  .    (no cloak)
rCorr   .                        (no gloves)
Will    .....                    h - +0 pair of boots
Stlth   +                        (no amulet)
HPRegen 0.25/turn                (no ring)
MPRegen 0.09/turn                (no ring)

@: mighty, invisible (expiring)
A: rugged brown scales 1, powered by pain 1
a: Renounce Religion


You were on level 2 of the Dungeon.
You worshipped Hepliaklqana.
Hepliaklqana was noncommittal.
You visited 1 branch of the dungeon, and saw 2 of its levels.

You collected 122 gold pieces.

Inventory:

Hand Weapons
 a - a +0 trident (weapon)
Missiles
 d - 3 throwing nets (quivered)
 e - a javelin
Armour
 b - a +0 leather armour (worn)
 c - a +1 helmet (worn)
 h - a +0 pair of boots (worn)
Wands
 n - a wand of flame (10)
Scrolls
 g - a scroll of enchant armour
 i - a scroll of vulnerability {unknown}
 j - 2 scrolls of blinking
 p - 3 scrolls of identify {unknown}
Potions
 k - a potion of degeneration
 o - a potion of magic {unknown}
 q - a potion of heal wounds {unknown}


   Skills:
 + Level 2.9 Fighting
 + Level 3.3 Polearms
 - Level 1.7 Throwing
 + Level 1.6 Armour
 + Level 3.4 Dodging


You had 3 spell levels left.
You didn't know any spells.
Your spell library contained the following spells:

 Spells                   Type           Power      Damage    Failure   Level
 Vhi's Electric Charge    Tloc/Air       0%         N/A       85%         3
 Animate Dead             Necr           0%         N/A       99%         4
 Agony                    Necr           0%         N/A       100%        5
 Borgnjor's Revivificati  Necr           0%         N/A       100%        8


Dungeon Overview and Level Annotations

Branches:
Dungeon (2/15)

Altars:
Hepliaklqana


Innate Abilities, Weirdness & Mutations

You are partially covered in rugged brown scales. (AC +1, +3% HP)
You sometimes gain a little power by taking damage.


Message History

It was a potion of degeneration.
There was something very wrong with that liquid.
You feel weakened.
You feel dopey.
You feel clumsy. The gnoll barely misses you.
It was a potion of curing.
You feel better. The gnoll hits you with a +0 club.
You hit the gnoll but do no damage.
The gnoll is severely wounded.
The gnoll barely misses you.
You hit the gnoll.
The gnoll is severely wounded.
The gnoll hits you with a +0 club.
You hit the gnoll.
The gnoll is almost dead.
The gnoll hits you with a +0 club.
You hit the gnoll.
You kill the gnoll!
You strike the helpless gnoll from behind!
You hit the gnoll but do no damage. The gnoll hits you with a +0 flail.
* * * LOW HITPOINT WARNING * * *
The gnoll hits you from afar with a +0 spear.
* * * LOW HITPOINT WARNING * * *
The gnoll closely misses you.
You flicker for a moment.
It was a potion of might.
You feel very mighty all of a sudden. The gnoll barely misses you.
You hit the gnoll.
The gnoll is moderately wounded.
The gnoll closely misses you. The gnoll barely misses you.
Reach: a) +0 trident
Press: ? - help, Dir - move target, f - gnoll
Aim: a gnoll, wielding a +0 spear (unable to see you, about 39% to evade your +0 trident)
You reach to attack!
You puncture the gnoll!
The gnoll is heavily wounded.
The gnoll hits you with a +0 flail.
* * * LOW HITPOINT WARNING * * *
You puncture the gnoll!
The gnoll is almost dead.
The gnoll hits you with a +0 flail.
You die...

...).)..##.......#
#)#
.###..#[##.......#
#.# .#
##....#......<#
#.# .#
#..#.........# #.#
## #....#.......#
#g# #.####.......#
#†# #.# #.......#
#.# #.#
#############.#
#.# #...@gg....#
#.# #.##########
#.#######.#
#.......).#
########..# #..#
## #..# .# #### .#


You could see 2 gnolls.

Vanquished Creatures
  Jessica (D:2)
  2 gnolls (D:2)
  2 adders (D:2)
  A worm (D:2)
  A dart slug (D:1)
  2 bats
  6 endoplasms
  3 hobgoblins
  3 jackals (D:2)
  4 quokkas
  7 ball pythons
  A frilled lizard (D:2)
  4 goblins
  4 rats
41 creatures vanquished.

Notes
Turn   | Place    | Note
-------+----------+-------------------------------------------
     0 | D:1      | Demosthentine the Demonspawn Gladiator began the quest for
                  | the Orb.
     0 | D:1      | Reached XP level 1. HP: 16/16 MP: 1/1
   148 | D:1      | Gained mutation: You sometimes gain a little power by
                  | taking damage. [demonic ancestry]
   148 | D:1      | Reached XP level 2. HP: 22/22 MP: 2/2
   398 | D:1      | Got the Enchiridion on Spatial Stolen Souls
   798 | D:2      | Found a hazy altar of Hepliaklqana.
   801 | D:2      | Noticed Jessica
   807 | D:2      | Killed Jessica
   808 | D:2      | Reached skill level 1 in Armour
   808 | D:2      | Reached XP level 3. HP: 15/28 MP: 3/3
   904 | D:2      | Became a worshipper of Hepliaklqana the Forgotten
  1131 | D:2      | Gained mutation: You are partially covered in rugged brown
                  | scales. (AC +1, +3% HP) [demonic ancestry]
  1131 | D:2      | Reached XP level 4. HP: 28/35 MP: 4/4
  1522 | D:2      | HP: 1/35 [gnoll/+0 flail (5)]
  1523 | D:2      | Slain by a gnoll

Illustrated notes

Levels and vault maps discovered:
D:1:      dreamdust_arrival_sigmund_warning, layout_loops_cross
D:2:      layout_loops_cross, basic_altar, uniq_jessica

Skill      XL: |  1  2 |
---------------+-------+-----
Polearms       | 3 |  3.3
Dodging        | 3 |  3.4
Armour         | 1 |  1.6
Fighting       | |  2.9
Throwing       | |  1.7

Action                     |  1- 3 |  4- 6 || total
---------------------------+-------+-------++-------
  Melee: Trident           |    76 |    53 ||   129
    Use: Scroll            |     3 |       ||     3
         Potion            |       |     4 ||     4
   Stab: Sleeping          |     2 |       ||     2
         Invisible         |       |     1 ||     1
 Armour: Leather armour    |    18 |     4 ||    22
  Dodge: Dodged            |    43 |    25 ||    68

Table legend: (Time is in decaauts)
 A = Elapsed time spent in this place.
 B = Non-inter-level travel time spent in this place.
 C = Inter-level travel time spent in this place.
 D = Time resting spent in this place.
 E = Time spent auto-exploring this place.
 F = Levels seen in this place.
 G = Mean time per level.
                   A        B        C        D        E       F      G
               +--------+--------+--------+--------+--------+-----+--------+
         Total |   1541 |   1469 |     72 |      0 |   1148 |   2 |  770.5 |
       Dungeon |   1541 |   1469 |     72 |      0 |   1148 |   2 |  770.5 |
               +--------+--------+--------+--------+--------+-----+--------+

Top non-repeatable levels by time:
     D:1: 795 daAuts
     D:2: 746 daAuts
